 Dungeon Crawl Stone Soup version 0.20-a0-1124-g2e29d97 (console) character file.

199 nht the Skirmisher (level 5, -8/55 HPs)
             Began as an Ogre Fighter on May 16, 2017.
             Killed from afar by an orc wizard (12 damage)
             ... with a puff of frost
             ... on level 3 of the Dungeon.
             The game lasted 00:04:09 (2880 turns).

nht the Skirmisher (Ogre Fighter)                   Turns: 2880, Time: 00:04:10

Health: -8/55      AC:  3    Str: 21    XL:     5   Next: 77%
Magic:  5/5        EV:  8    Int:  9    God:
Gold:   63         SH: 10    Dex:  8    Spells: 4/4 levels left

rFire    . . .     SeeInvis .   j - +0 whip (elec)
rCold    . . .     Gourm    .   b - +0 shield
rNeg     . . .     Faith    .   a - +0 robe
rPois    .         Spirit   .   (helmet restricted)
rElec    .         Reflect  +   (no cloak)
rCorr    .         Harm     .   (gloves unavailable)
MR       .....                  (boots unavailable)
Stlth    +.........             k - +2 amulet of reflection
Regen    0.2/turn               (no ring)
MPRegen  0.1/turn               (no ring)

@: no status effects
A: unfitting armour, tough skin 1
a: no special abilities


You were on level 3 of the Dungeon.
You were not hungry.

You visited 1 branch of the dungeon, and saw 3 of its levels.

You collected 63 gold pieces.

Inventory:

Hand Weapons
 f - a +0 spear
 j - a +0 whip of electrocution (weapon)
 p - a +0 mace of protection
Missiles
 h - 12 tomahawks (quivered)
Armour
 a - a +0 robe (worn)
 b - a +0 shield (worn)
Jewellery
 k - a +2 amulet of reflection (around neck)
Scrolls
 g - 2 scrolls of fear
 l - 2 scrolls of teleportation
Potions
 c - a potion of brilliance
 e - a potion of flight
Comestibles
 d - 3 bread rations
 n - 10 chunks of flesh


   Skills:
 - Level 4.7 Fighting
 + Level 3.8 Maces & Flails
 - Level 2.6 Dodging
 - Level 3.2 Shields
 - Level 2.1 Unarmed Combat


You had 4 spell levels left.
You didn't know any spells.

Dungeon Overview and Level Annotations

Branches:
Dungeon (3/15)

Altars:


Innate Abilities, Weirdness & Mutations

You are too large for most types of armour.
You have tough skin. (AC +1)


Message History

The orc priest is moderately wounded.
The orc priest hits you with a short sword.
* * * LOW HITPOINT WARNING * * *
An orc comes into view. It is wielding a mace.
You hit the orc priest.
The orc priest is heavily wounded.
The orc wizard mumbles some strange words.
The orc wizard flickers and vanishes!
Deactivating autopickup; reactivate with Ctrl-A.
You block the orc priest's attack.
You hit the orc priest.
The orc priest is almost dead.
The orc priest looks braver for a moment.
You whack the orc priest!
You kill the orc priest!
You closely miss something.
You hear some strange, mumbled words.
A puff of frost appears from out of thin air!
The puff of frost hits you!
You die...

███..♣.♣..█
....♣...█
██.......█
███████.█
█.█ █.█ █.█
█.█ █@█ █)█


█o█ .o█ ███ You could see 2 orcs.

Vanquished Creatures
  An orc priest (D:3)
  Natasha (D:2)
  Robin (D:2)
  A gnoll (D:1)
  3 adders (D:2)
  5 worms
  A dart slug (D:2)
  3 leopard geckos
  An orc (D:3)
  3 ball pythons
  3 giant cockroaches
  8 hobgoblins
  6 kobolds
  2 quokkas
  8 bats
  10 frilled lizards
  18 goblins
  6 rats
81 creatures vanquished.

Notes
Turn   | Place    | Note
-------+----------+-------------------------------------------
     0 | D:1      | nht the Ogre Fighter began the quest for the Orb.
     0 | D:1      | Reached XP level 1. HP: 24/24 MP: 1/1
   429 | D:1      | Reached XP level 2. HP: 29/32 MP: 2/2
   818 | D:1      | Reached XP level 3. HP: 15/40 MP: 3/3
  1539 | D:2      | Reached skill level 1 in Maces & Flails
  1876 | D:2      | Reached XP level 4. HP: 47/49 MP: 4/4
  2073 | D:2      | Noticed Natasha
  2081 | D:2      | Killed Natasha
  2304 | D:2      | Noticed Robin
  2323 | D:2      | Reached XP level 5. HP: 42/55 MP: 5/5
  2350 | D:2      | Killed Robin
  2833 | D:3      | Found a faded altar of an unknown god.
  2880 | D:3      | Killed from afar by an orc wizard

Vault maps used:
D:1:      co_arrival_random_square_maze, minmay_octomino_e4
D:2:      uniq_robin, uniq_natasha, uniq_sigmund
D:3:      chequers_ecumenical_altar_simple_redux, uniq_crazy_yiuf_cottage,
          uniq_ijyb

Skill      XL: |  1  2  3  4  5 |
---------------+----------------+-----
Unarmed Combat | 2 |  2.1
Shields        | 3 |  3.2
Maces & Flails | 1 2 3 |  3.8
Fighting       | |  4.7
Dodging        | |  2.6

Action                   |  1- 3 |  4- 6 || total
-------------------------+-------+-------++-------
Melee: Unarmed           |    94 |       ||    94
       Whip              |    59 |   170 ||   229
       Spear             |    34 |       ||    34
Throw: Tomahawk          |       |     2 ||     2
  Use: Potion            |     3 |     3 ||     6
       Scroll            |     6 |     2 ||     8
 Stab: Sleeping          |     1 |       ||     1
  Eat: Chunk             |     3 |     4 ||     7
Armor: Robe              |    37 |    28 ||    65
Dodge: Dodged            |    58 |    51 ||   109
Block: Shield            |    86 |    91 ||   177
       Reflection        |       |     2 ||     2
